 Dungeon Crawl Stone Soup version 0.28.0-53-g5a82cb258f (webtiles) character file.

Game seed: 13064108829612576190

43 Descartes the Ducker (level 3, -1/20 HPs)
             Began as an Octopode Wanderer on June 12, 2022.
             Was an Initiate of Gozag.
             Slain by a gnoll
             ... wielding a +0 club
              (9 damage)
             ... on level 3 of the Dungeon.
             The game lasted 00:05:32 (3112 turns).

Descartes the Ducker (Octopode Wanderer)            Turns: 3112, Time: 00:05:32

Health: -1/20      AC:  1    Str: 17    XL:     3   Next: 58%
Magic:  6/6        EV: 13    Int: 11    God:    Gozag
Gold:   153        SH:  0    Dex: 10    Spells: 5/6 levels left

rFire   . . .      SeeInvis .   c - +1 short sword (venom)
rCold   . . .      Faith    .   (no shield)
rNeg    . . .      Spirit   .   b - +0 hat
rPois   .          Reflect  .   (no amulet)
rElec   .          Harm     .   (no ring)
rCorr   .          Rampage  .   (no ring)
Will    .....                   (no ring)
Stlth   ++........              (no ring)
HPRegen 0.06/turn               (no ring)
MPRegen 0.10/turn               (no ring)
                                (no ring)
                                (no ring)

@: no status effects
A: reduced essence, almost no armour, amphibious, 8 rings, camouflage 1,
gelatinous body 1, (nimble swimmer 1), tentacles
a: Renounce Religion, Potion Petition, Call Merchant, Bribe Branch


You were on level 3 of the Dungeon.
You worshipped Gozag.
Gozag was aware of your devotion.
You visited 2 branches of the dungeon, and saw 5 of its levels.

You collected 175 gold pieces.
You paid 22 gold pieces to Gozag.

Inventory:

Hand Weapons
 a - a +2 spear
 c - a +1 short sword of venom (weapon)
 n - a +1 hunting sling of flaming
Missiles
 g - 59 stones
 j - 10 arrows
 o - 3 poisoned darts
 r - 21 sling bullets
Armour
 b - a +0 hat (worn)
 s - an orb of light
Jewellery
 h - an amulet of the acrobat
 p - a ring of wizardry
 u - an amulet of guardian spirit
Wands
 k - a wand of mindburst (21)
Scrolls
 e - a scroll of acquirement {unknown}
 f - a scroll of fog {unknown}
 q - a scroll of teleportation {unknown}
 v - a scroll of summoning {unknown}
Potions
 d - a potion of attraction {unknown}
 i - 2 potions of lignification {unknown}
 l - a potion of curing {unknown}
 m - a potion of mutation {unknown}
 t - a potion of flight {unknown}
 w - a potion of brilliance {unknown}


   Skills:
 + Level 1.4 Fighting
 + Level 0.4 Short Blades
 - Level 3.0 Polearms
 + Level 3.2 Dodging
 + Level 2.2 Spellcasting
 * Level 2.0 Conjurations
 + Level 0.7 Air Magic
 + Level 1.0 Poison Magic


You had 5 spell levels left.
You knew the following spells:

 Your Spells              Type           Power      Damage    Failure   Level
a - Magic Dart            Conj           20%        1d4       13%         1

Your spell library contained the following spells:

 Spells                   Type           Power      Damage    Failure   Level
 Animate Skeleton         Necr           2%         N/A       28%         1
 Pain                     Necr           4%         1d4       28%         1
 Mephitic Cloud           Conj/Pois/Air  3%         N/A       45%         3
 Vampiric Draining        Necr           1%         2d6       65%         3


Dungeon Overview and Level Annotations

Branches:
Dungeon (4/15)             Temple (1/1) D:4

Altars:
Cheibriados
Dithmenos
Elyvilon
Gozag
Hepliaklqana
Kikubaaqudgha
Makhleb
Ru
Sif Muna
Vehumet
Wu Jian
Xom
Yredelemnul
Zin
The Shining One


Innate Abilities, Weirdness & Mutations

Your life essence is reduced to manifest your ancestor. (-10% HP)
You cannot wear most types of armour.
You are amphibious.
You can wear up to eight rings at the same time.
Your skin changes colour to match your surroundings (Stealth+).
Your rubbery body absorbs attacks. (AC +1, EV +1)
((You are camouflaged when in or above water. (Stealth+)))
You have tentacles for arms and can constrict up to eight enemies at once.


Message History

Found a glowing silver altar of Zin.
Found a basalt altar of Yredelemnul.
Found a snail-covered altar of Cheibriados.
Found two altars.
Found a radiant altar of Vehumet.
Done exploring.
Done exploring.
Done exploring.
Done exploring.
Done exploring.
Done exploring.
Done exploring.
Done exploring.
Key pressed, stopping explore.
Done exploring.
Done exploring.
Done exploring.
Done exploring.
Done exploring.
Done exploring.
Done exploring.
Done exploring.
There is a radiant altar of Vehumet here.
There is a snail-covered altar of Cheibriados here.
There is a staircase back to the Dungeon here.
You climb upwards.
Welcome back to the Dungeon!
The gnoll hits you with a +0 club. The gnoll hits you with a +0 flail.
There is a staircase to the Ecumenical Temple here.
The gnoll hits you with a +0 flail. The gnoll barely misses you.
There is a stone staircase leading up here.
The gnoll barely misses you.
You climb upwards.
There is a stone staircase leading down here.
You hit the gnoll.
The gnoll is poisoned.
You grab the gnoll.
The gnoll is moderately wounded.
You constrict the gnoll, but do no damage.
The gnoll hits you with a +0 club!
You die...
Your body crumbles into a pile of gold.

....†≈.#.#.# ############...###..
.≈.≈.....#.# #...................
≈≈.≈≈....#.# #.###)#####....###.#
......##.#.# #.# #.# #..#.# #.#
.........#.###.###.#####..#.# #.#
###..###.#.##...##.##.....#.###.#
....####.#.#.....#.##....##......
###.# #..................######.#
#.# #..#.#....@#.........#.....
#.# #.....#..g...........#.##.#
#.# #.##..##.#.#.........#.##.#
#.# #.##....#.............#R#.#
#.# #.###.##.###.#....####.##.#
#.###.# #.##.# #......# ####.#
#.....# #.##.# ###.#########...
####### #.##.# #.# #.........
#.##.# #.# #.#####...


You could see a gnoll (very poisoned).

Vanquished Creatures
  An adder (D:3)
  2 worms
  4 orcs (D:3)
  4 bats
  4 endoplasms
  2 giant cockroaches
  4 goblins
  A hobgoblin (D:3)
  5 jackals
  A quokka (D:2)
  3 ball pythons
  4 frilled lizards
  5 kobolds
  5 rats
45 creatures vanquished.

Notes
Turn   | Place    | Note
-------+----------+-------------------------------------------
     0 | D:1      | Descartes the Octopode Wanderer began the quest for the
                  | Orb.
     0 | D:1      | Descartes set off with the following items: a +2 spear, a
                  | +0 hat; and the following spell memorised: Magic Dart; and
                  | the following spells available to memorise: Mephitic Cloud
     0 | D:1      | Reached XP level 1. HP: 13/13 MP: 3/3
   141 | D:1      | Reached XP level 2. HP: 14/18 MP: 5/5
  1013 | D:2      | Found a faded altar of an unknown god.
  1507 | D:2      | Found a snail-covered altar of Cheibriados.
  1568 | D:2      | Reached XP level 3. HP: 13/23 MP: 6/6
  1763 | D:2      | Prayed at the altar of an unknown god.
  1763 | D:2      | Became a worshipper of Hepliaklqana the Forgotten
  1763 | D:2      | Reached * piety under Hepliaklqana
  2162 | D:3      | Reached skill level 1 in Poison Magic
  2254 | D:3      | Fell from the grace of Hepliaklqana
  2259 | D:3      | Found an opulent altar of Gozag.
  2272 | D:3      | Became a worshipper of Gozag Ym Sagoz the Greedy
  2913 | D:3      | Found a white marble altar of Elyvilon.
  2986 | D:4      | Found a staircase to the Ecumenical Temple.
  3006 | Temple   | Entered the Ecumenical Temple
  3112 | D:3      | Slain by a gnoll

Illustrated notes

Levels and vault maps discovered:
D:1:      heliophobic_arrival_dark_side_of_the_moon, layout_basic, minivault_11,
          minmay_pentomino_x2
D:2:      layout_basic, ebering_ecumenical_altar_hall, basic_altar, minivault_24
D:3:      layout_loops_ring, lemuel_crystal_altar,
          mainiacjoe_overflow_small_starburst
D:4:      layout_gridville, overflow_temple_1_default,
          minmay_temple_entry_glass, serial_shops, nicolae_take_the_stairs
Temple:   dshaligram_water_room_temple

Skill      XL: |  1  2  3 |
---------------+----------+-----
Poison Magic   | 1 |  1.0
Conjurations   | 2 |  2.0
Fighting       | |  1.4
Short Blades   | |  0.4
Polearms       | |  3.0
Dodging        | |  3.2
Spellcasting   | |  2.2
Air Magic      | |  0.7

Action                   || total
-------------------------++-------
Melee: Spear             ||    10
       Constrict         ||    20
       Short sword       ||    73
       Tentacles         ||    12
Invok: Ancestor Identity ||     1
       Renounce Religion ||     1
 Stab: Sleeping          ||    14
Armor: Skin              ||     3
Dodge: Dodged            ||    47
